Map: [ESL] Tropical Sacrifice

Players

GuMiho

  • Race: Terran Terran
  • League: Master
  • Spawn Location: 1:00

Maru - Winner!

  • Race: Terran Terran
  • League: Master
  • Spawn Location: 7:00

VOD

Have the link to the VOD?

Description

Time

  • Played on: Nov. 3, 2022, 7:53 a.m.
  • Length: 4:07
Show
View Real Time Build Order
Export as new Build Order

GuMiho Terran 

Build Orders:  

Get SALT Encoding   

  12  0:00  SCV  
  13  0:12  SCV  
  14  0:18  Supply Depot  
  14  0:24  SCV  
  15  0:41  Barracks  
  15  0:43  Refinery  
  15  0:57  Barracks  
  15  1:00  SCV  
  16  1:12  SCV  
  16  1:13  Refinery  
  17  1:24  SCV  
  18  1:28  Reaper  
  19  1:38  Orbital Command  
  19  1:45  Reaper  
  20  2:00  Supply Depot, Reaper  
  21  2:05  SCV  
  22  2:17  Reaper  
  22  2:22  SCV  
  24  2:33  Reaper  
  24  2:34  SCV  
  26  2:46  SCV  
  26  2:50  Reaper  
  28  2:53  Factory  
  27  2:58  SCV  
  27  3:05  Reaper  
  27  3:10  SCV  
  27  3:21  Supply Depot  
  27  3:22  Reaper, SCV  
  28  3:34  SCV  
Show
View Real Time Build Order
Export as new Build Order

Maru Terran - Winner!

Build Orders:  

Get SALT Encoding   

  12  0:00  SCV  
  13  0:12  SCV  
  14  0:17  Supply Depot  
  14  0:24  SCV  
  15  0:39  SCV, Barracks  
  16  0:44  Refinery  
  16  0:51  SCV  
  16  0:54  Refinery  
  17  1:03  SCV  
  18  1:15  SCV  
  19  1:27  Reaper  
  21  1:33  Orbital Command  
  21  1:38  Supply Depot  
  20  1:48  Factory  
  20  1:58  SCV  
  20  1:59  Reaper  
  22  2:10  SCV  
  23  2:22  SCV  
  24  2:32  Hellion  
  24  2:33  Marine  
  24  2:34  SCV  
  27  2:46  SCV  
  27  2:51  Marine  
  27  2:54  Hellion  
  28  2:59  SCV  
  29  3:09  Marine  
  29  3:11  SCV  
  30  3:16  Factory Tech Lab  
  30  3:17  Command Center  
  30  3:20  Supply Depot  
  30  3:24  Starport  
  30  3:28  SCV  
  31  3:42  SCV  
Tags
 
Add a new tag
Caveats
  • Supply blocks, unpowered buildings, or Contaminate may cause inaccurate times.
  • Supply counts are checked every 10 seconds.